 Dungeon Crawl Stone Soup version 0.27.0-1-g7a089689b8 (webtiles) character file.

Game seed: 8365536784486838212

319 gimp the Chopper (level 6, 0/51 HPs)
             Began as a Barachi Chaos Knight on Aug 3, 2021.
             Was a Plaything of Xom.
             Slain by a gnoll (3 damage)
             ... summoned by Xom
             ... on level 5 of the Dungeon.
             The game lasted 00:03:23 (2470 turns).

gimp the Chopper (Barachi Chaos Knight)             Turns: 2470, Time: 00:03:23

Health: 0/51       AC:  6    Str: 15    XL:     6   Next: 46%
Magic:  6/6        EV: 11    Int: 14    God:    Xom [*.....]
Gold:   213        SH:  0    Dex: 14    Spells: 5/5 levels left

rFire    + . .     SeeInvis .   a - +0 war axe
rCold    + . .     Faith    .   (no shield)
rNeg     . . .     Spirit   .   z - +2 leather armour {Will+}
rPois    .         Reflect  .   k - +0 helmet
rElec    .         Harm     .   h - scarf {rC+ rF+}
rCorr    .         Rampage  .   (no gloves)
Will     ++...                  (no boots)
Stlth    +.........             (no amulet)
HPRegen  1.17/turn              l - ring of willpower
MPRegen  0.10/turn              (no ring)

@: lit by a corona, glowing, slow
A: amphibious, slowness 1, strong legs 1, +LOS, agile 1, clever 1, high mp 1,
regeneration 1, wild magic 1
a: Hop, Renounce Religion


You were on level 5 of the Dungeon.
You worshipped Xom.
You were a special plaything of Xom.
You visited 1 branch of the dungeon, and saw 5 of its levels.

You collected 213 gold pieces.

Inventory:

Hand Weapons
 a - a +0 war axe (weapon)
 b - a +0 hand axe of chaos
Missiles
 j - 6 javelins
 n - 9 poisoned darts
Armour
 h - a scarf of resistance (worn)
 k - a +0 helmet (worn)
 z - a +2 leather armour of willpower (worn)
Jewellery
 l - a ring of willpower (left hand)
Wands
 q - a wand of acid (6)
 x - a wand of flame (12)
 y - a wand of iceblast (7)
Scrolls
 c - 3 scrolls of identify {unknown}
 e - 2 scrolls of fog {unknown}
 f - 2 scrolls of amnesia {unknown}
 i - a scroll of holy word {unknown}
 m - a scroll of teleportation {unknown}
 o - 2 scrolls of fear {unknown}
 s - a scroll of enchant armour {unknown}
 t - 2 scrolls of noise {unknown}
 u - a scroll of torment {unknown}
Potions
 d - a potion of degeneration {unknown}
 g - a potion of might {unknown}
 p - a potion of lignification {unknown}
 r - a potion of brilliance {unknown}
 v - 3 potions of curing
 w - a potion of invisibility {unknown}


   Skills:
 + Level 5.6 Fighting
 * Level 6.6 Axes
 - Level 2.4 Armour
 - Level 1.1 Dodging


You had 5 spell levels left.
You didn't know any spells.
Your spell library was empty.

Dungeon Overview and Level Annotations

Branches:
Dungeon (5/15)
 Temple: D:4-7

Altars:
Qazlal
Xom


Innate Abilities, Weirdness & Mutations

You are amphibious.
You cover ground slowly.
You can hop short distances.
You have an extended range of vision and can be seen from far away.
You are agile. (Dex +2)
Your mind is acute. (Int +2)
You have an increased reservoir of magic. (+10% MP)
Your natural rate of healing is unusually fast.
Your spells are a little harder to cast, but a little more powerful.


Message History

You kill the gnoll!
The gnoll's corpse disappears in a puff of smoke!
The gnoll closely misses you. The gnoll hits you but does no damage.
The gnoll hits you from afar with a +0 halberd.
The hound zombie bites you but does no damage.
The gnoll hits you from afar with a +0 spear.
The gnoll barely misses you.
You take 6 damage, and have 44/66 hp.
You hit the hound zombie.
The hound zombie is heavily damaged.
You revert to your normal fleshy form.
Your +2 leather armour of willpower unmelds from your body.
You feel strong-willed. The hound zombie closely misses you.
The gnoll barely misses you. The hound zombie bites you.
The gnoll hits you from afar with a +0 spear.
The gnoll closely misses you.
The gnoll hits you from afar with a +0 halberd!
An orc comes into view. It is wielding a +0 trident.
You now have 20/51 hp.
You hit the hound zombie.
The hound zombie is heavily damaged.
The hound zombie bites you.
The gnoll hits you from afar with a +0 spear.
The gnoll hits you but does no damage.
The gnoll hits you from afar with a +0 halberd.
* * * LOW HITPOINT WARNING * * *
The hound zombie bites you.
* * * LOW HITPOINT WARNING * * *
You take 11 damage, and have 9/51 hp.
MASSIVE DAMAGE!!
You hit the hound zombie.
The hound zombie is severely damaged.
The gnoll hits you from afar with a +0 spear.
* * * LOW HITPOINT WARNING * * *
The gnoll hits you from afar with a +0 spear.
* * * LOW HITPOINT WARNING * * *
You emit a cloud of colourful smoke!
The gnoll misses you. The hound zombie barely misses you.
The gnoll hits you from afar with a +0 spear.
You die... "Boring in life, boring in death..."

#..†......# #.# ##.....
###########..####### #.#
######
........).........####.#
###########..####......#
#._####..###.#
#............########
#..####..............
#..#####.###.########
###..og§@Z§....#
<.o...g§§#.#####
########g#.# #.#.# .#..#
# #.# #)# ... #.#


You could see 3 gnolls, 2 orcs and a hound zombie (summoned).

Vanquished Creatures
  2 howler monkeys (D:5)
  A jelly (D:5)
  A hound (D:5)
  An orc wizard (D:2)
  Ijyb (D:3)
  3 gnolls (D:5)
  2 adders
  2 worms
  3 dart slugs
  9 orcs
  6 endoplasms
  A giant cockroach (D:2)
  5 goblins
  8 hobgoblins
  7 jackals
  2 kobolds
  4 quokkas
  4 ball pythons
  A bat (D:2)
  2 frilled lizards (D:1)
  4 rats
69 creatures vanquished.

Notes
Turn   | Place    | Note
-------+----------+-------------------------------------------
     0 | D:1      | gimp the Barachi Chaos Knight began the quest for the Orb.
     0 | D:1      | Reached XP level 1. HP: 18/18 MP: 1/1
   135 | D:1      | Reached XP level 2. HP: 21/25 MP: 2/2
   224 | D:1      | XOM: divination: detect items
   247 | D:1      | Found a faded altar of an unknown god.
   348 | D:1      | Reached skill level 4 in Axes
   353 | D:1      | Reached XP level 3. HP: 24/30 MP: 3/3
   579 | D:1      | XOM: silly message
   785 | D:1      | XOM: divination: detect items
   864 | D:1      | XOM: summons 4 hostile shadow creatures
   996 | D:1      | XOM: god gift: 6 javelins
  1090 | D:2      | XOM: scenery: summon butterflies
  1269 | D:2      | XOM: give mutation
  1269 | D:2      | Gained mutation: You are agile. (Dex +2) [Xom's grace]
  1291 | D:2      | XOM: give mutations
  1291 | D:2      | Gained mutation: You have an increased reservoir of magic.
                  | (+10% MP) [Xom's grace]
  1291 | D:2      | Gained mutation: Your spells are a little harder to cast,
                  | but a little more powerful. [Xom's grace]
  1291 | D:2      | Gained mutation: Your mind is acute. (Int +2) [Xom's grace]
  1291 | D:2      | Gained mutation: Your natural rate of healing is unusually
                  | fast. [Xom's grace]
  1528 | D:2      | Reached XP level 4. HP: 35/38 MP: 4/4
  1533 | D:2      | XOM: god gift: wand of acid (7)
  1675 | D:2      | Reached skill level 5 in Axes
  1836 | D:3      | Found a stormy altar of Qazlal.
  1884 | D:3      | Noticed Ijyb
  1897 | D:3      | Killed Ijyb
  1898 | D:3      | Reached XP level 5. HP: 41/43 MP: 5/5
  1977 | D:3      | XOM: stat loss: -1 Dex (13/14)
  2245 | D:4      | Noticed an ogre
  2267 | D:5      | Entered Level 5 of the Dungeon
  2271 | D:5      | Reached skill level 5 in Fighting
  2375 | D:5      | Reached skill level 6 in Axes
  2406 | D:5      | XOM: noise
  2407 | D:5      | XOM: cast spell 'Statue Form'
  2413 | D:5      | Reached XP level 6. HP: 51/51 MP: 6/6
  2427 | D:5      | XOM: scenery: create altars
  2455 | D:5      | XOM: summons 4 hostile shadow creatures
  2470 | D:5      | XOM: smoke on damage
  2470 | D:5      | Slain by a gnoll

Illustrated notes

Levels and vault maps discovered:
D:1:      minmay_arrival_arboretum_small, layout_rooms,
          hellmonk_ecumenical_altar_blasted, minmay_ruptured
D:2:      layout_basic, minmay_randomly_rotated_circles
D:3:      layout_basic, nicolae_qazlal_eye_of_the_storm, chequers_jeans,
          uniq_ijyb
D:4:      layout_basic, temple_doors_ab, serial_rivers,
          chequers_serial_rivers_marsh, chequers_serial_rivers_micro_d,
          chequers_serial_rivers_room_b, chequers_serial_rivers_micro_d,
          minmay_surrounded, uniq_crazy_yiuf_cottage
D:5:      minmay_diamond_boxcup, layout_loops_ring, gammafunk_ghost_cemetery,
          uniq_pikel

Skill      XL: |  1  2  3  4  5 |
---------------+----------------+-----
Fighting       | 4 5 |  5.6
Axes           | 4 5 6 |  6.6
Armour         | |  2.4
Dodging        | |  1.1

Action                   |  1- 3 |  4- 6 || total
-------------------------+-------+-------++-------
Melee: Hand axe          |    23 |       ||    23
       War axe           |    90 |   131 ||   221
 Abil: Hop               |       |     1 ||     1
Evoke: Wand              |       |     1 ||     1
  Use: Potion            |     1 |       ||     1
Armor: Leather armour    |    52 |    48 ||   100
       Skin              |       |    62 ||    62
Dodge: Dodged            |    85 |   123 ||   208
